 Dungeon Crawl Stone Soup version 0.26-a0-812-g31a745ddcd (webtiles) character file.

Game seed: 2910844362193456714

34022 Arthanis the Cleaver (level 13, -3/132 HPs)
             Began as a Gargoyle Berserker on Nov 23, 2020.
             Was a High Priest of Trog.
             Slain by Agnes
             ... wielding a +5 vampiric lajatang
              (20 damage)
             ... on level 14 of the Dungeon.
             The game lasted 00:24:42 (14188 turns).

Arthanis the Cleaver (Gargoyle Berserker)          Turns: 14188, Time: 00:24:43

Health: -3/132     AC: 27    Str: 22    XL:     13   Next: 74%
Magic:  13/13      EV: 16    Int: 12    God:    Trog [*****.]
Gold:   212        SH:  4    Dex: 11    Spells: 12/12 levels left

rFire    . . .     SeeInvis .   Z - +3 broad axe "Gargoyle's Foe" {flame, +Rage rPois rN+ Dex+2}
rCold    . . .     Faith    .   f - +0 buckler
rNeg     + + .     Spirit   .   G - +0 plate armour
rPois    ∞         Reflect  .   I - +0 helmet
rElec    +         Harm     .   g - +0 cloak
rCorr    .         Rampage  .   (no gloves)
MR       .....                  s - +0 pair of boots
Stlth    ..........             v - amulet of the acrobat
HPRegen  0.32/turn              C - +4 ring of evasion
MPRegen  0.13/turn              u - +4 ring of evasion

@: berserking (expiring), very quick
A: negative energy resistance 1, electricity resistance, unbreathing,
petrification resistance, rot immunity, AC +9
a: Berserk, Trog's Hand, Brothers in Arms, Renounce Religion, Evoke Berserk Rage


You were on level 14 of the Dungeon.
You worshipped Trog.
Trog was extremely pleased with you.
You visited 1 branch of the dungeon, and saw 14 of its levels.
You visited 1 bazaar.
You also visited: Bailey.

You collected 1090 gold pieces.
You spent 878 gold pieces at shops.

Inventory:

Hand Weapons
 b - a +2 morningstar of protection
 R - a +0 demon trident
 Z - the +3 broad axe "Gargoyle's Foe" (weapon) {flame, +Rage rPois rN+ Dex+2}
   (You bought it in a shop in a bazaar)

   It has been specially enchanted to burn those struck by it, causing extra
   injury to most foes and up to half again as much damage against particularly
   susceptible opponents.
   Big, fiery blades are also staple armaments of hydra-hunters.
   It affects your dexterity (+2).
   It protects you from poison.
   It protects you from negative energy.
   It lets you go berserk.
Armour
 f - a +0 buckler (worn)
 g - a +0 cloak (worn)
 s - a +0 pair of boots (worn)
 G - a +0 plate armour (worn)
 I - a +0 helmet (worn)
Jewellery
 a - an uncursed ring of resist corrosion
 u - a +4 ring of evasion (right hand)
 v - an amulet of the acrobat (around neck)
 w - an uncursed ring of see invisible
 x - a +6 ring of dexterity {unknown}
 C - a +4 ring of evasion (left hand)
 O - an uncursed ring of flight
 T - an uncursed ring of protection from fire
Wands
 c - a wand of flame (41)
 y - a wand of disintegration (9)
 B - a wand of random effects (34)
 F - a wand of acid (34)
 K - a wand of digging (12)
 Q - a wand of iceblast (9)
Scrolls
 i - a scroll of fog
 j - 6 scrolls of enchant weapon
 k - 2 scrolls of blinking
 l - 7 scrolls of remove curse
 p - 8 scrolls of teleportation
 q - 4 scrolls of enchant armour
 r - 2 scrolls of fear
 z - 2 scrolls of magic mapping
 A - 2 scrolls of immolation
 L - 5 scrolls of vulnerability
 N - a scroll of identify
 X - a scroll of torment
 Y - 2 scrolls of amnesia
Potions
 d - a potion of flight {unknown}
 e - 2 potions of might
 h - 5 potions of haste
 m - 3 potions of cancellation
 n - 3 potions of mutation
 o - 5 potions of heal wounds
 t - 2 potions of attraction {unknown}
 D - 2 potions of degeneration {unknown}
 E - 7 potions of curing {unknown}
 H - 2 potions of brilliance {unknown}
 J - a potion of resistance {unknown}
 M - a potion of lignification {unknown}
 P - a potion of berserk rage {unknown}
 V - a potion of ambrosia {unknown}


   Skills:
 + Level 13.0 Fighting
 * Level 14.8 Axes
 + Level 8.0 Armour
 - Level 4.0 Dodging
 - Level 4.0 Shields
 + Level 6.0 Evocations


You had 12 spell levels left.
You didn't know any spells.
Your spell library contained the following spells:

 Spells                   Type           Power        Failure   Level
 Corona                   Hex            #......      99%         1
 Sandblast                Erth           #.....       99%         1
 Shock                    Conj/Air       #...         99%         1
 Passwall                 Tmut/Erth      #.......     100%        2
 Slow                     Hex            #.......     100%        2
 Swiftness                Air            #.......     100%        2
 Confusing Touch          Hex            #.......     100%        3
 Gell's Gravitas          Tloc           #.........   100%        3
 Inner Flame              Hex/Fire       #.......     100%        3
 Portal Projectile        Hex/Tloc       #.....       100%        3
 Static Discharge         Conj/Air       #.......     100%        3
 Stone Arrow              Conj/Erth      #.....       100%        3
 Airstrike                Air            #.........   100%        4
 Cause Fear               Hex            #.........   100%        4
 Leda's Liquefaction      Hex/Erth       #.........   100%        4
 Petrify                  Tmut/Erth      #.......     100%        4
 Lee's Rapid Deconstruct  Erth           #.........   100%        5
 Lightning Bolt           Conj/Air       #.........   100%        5
 Metabolic Englaciation   Hex/Ice        #.........   100%        5
 Yara's Violent Unravell  Hex/Tmut       #.........   100%        5


Dungeon Overview and Level Annotations

Branches:
Dungeon (14/15)            Temple (0/1) D:5            Lair (0/6) D:8
    Orc (0/2) D:11         Bailey (visited)
 Vaults: D:13-14

Altars:
Elyvilon
Hepliaklqana
Makhleb
Qazlal
Sif Muna
Trog
Uskayaw
Xom

Shops:
D:4 [   D:7 ?   D:12 =

Portals:
Abyss: D:7

Annotations:
D:7 2 transporters, End1zNear's ghost, novice DDFi
D:8 1 runed translucent door, PanSaczeczos's ghost, novice OpVM
D:12 3 runed translucent doors, azazuza's ghost, journeyman DDFi
D:14 Agnes


Innate Abilities, Weirdness & Mutations

You are resistant to torment.
Your stone body is resilient. (AC +9)
You are immune to poison.
You resist negative energy. (rN+)
You are resistant to electric shocks. (rElec)
You can survive without breathing.
You are immune to petrification.
You are immune to rotting.


Message History

You slash Agnes! You burn Agnes.
Agnes is heavily wounded.
Agnes completely misses you.
You barely miss Agnes.
Agnes is heavily wounded.
Agnes closely misses you.
You miss Agnes.
Agnes is moderately wounded.
Agnes hits you with a +5 vampiric lajatang!
You closely miss Agnes.
Agnes is moderately wounded.
Agnes hits you but does no damage.
You closely miss Agnes.
Agnes is moderately wounded.
Agnes hits you with a +5 vampiric lajatang!!
* * * LOW HITPOINT WARNING * * *
You closely miss Agnes.
Agnes is moderately wounded.
Agnes hits you with a +5 vampiric lajatang!!
You die...

#####.#
#.ic..#
###@#########
#...........#
#(..?.......#
#...........#
#...........#
#....<.......
#.....>......
#...........#
#############


You could see Agnes and a centaur.

Vanquished Creatures
  A fire giant (D:12)
  A very ugly thing (D:12)
  Josephine (D:10)
  A deep elf high priest (D:12)
  Harold (D:11)
  2 hydras
  A boulder beetle (D:13)
  A rakshasa (D:11)
  A death knight (D:12)
  2 two-headed ogres
  An alligator snapping turtle (shapeshifter) (D:12)
  A queen ant (D:11)
  2 unseen horrors (D:13)
  3 deep trolls (D:10)
  An ugly thing (D:9)
  2 cyclopes (D:11)
  A manticore (D:13)
  A centaur zombie (D:13)
  A guardian serpent (D:12)
  Psyche (D:11)
  2 gargoyles
  A freezing wraith (D:14)
  A hornet (D:11)
  10 trolls (D:10)
  Sigmund (D:4)
  2 shadows
  5 wraiths
  A vampire (D:11)
  7 yaks
  2 wyverns
  A steam dragon (D:9)
  A basilisk (D:8)
  2 vampire mosquitoes (D:11)
  20 soldier ants
  18 orc warriors
  2 sky beasts
  4 ice beasts
  7 phantoms
  7 ogres
  A necrophage (D:6)
  9 centaurs
  3 black bears
  5 bullfrogs
  2 big kobolds
  A water moccasin zombie (D:11)
  3 scorpions
  A troll zombie (D:11)
  3 killer bees (D:10)
  9 wights (D:13)
  6 electric eels
  4 howler monkeys
  7 hounds
  5 jellies
  3 bullfrog skeletons
  8 centaur skeletons
  9 orc priests
  6 orc wizards
  5 iguanas
  Ijyb (D:5)
  32 worker ants
  A killer bee zombie (D:7)
  7 ogre zombies (D:11)
  A hound zombie (D:7)
  A hound skeleton (D:4)
  A howler monkey zombie (D:7)
  A howler monkey skeleton (D:5)
  12 adders
  A shadow imp (D:9)
  2 white imps
  2 ufetubi
  4 worms
  13 dart slugs
  5 leopard geckos
  58 orcs
  3 ball pythons
  3 bats
  6 giant cockroaches
  8 goblins
  3 hobgoblins
  10 jackals
  3 quokkas
  3 frilled lizards
  5 goblin skeletons (D:11)
  A goblin zombie (D:11)
  A hobgoblin skeleton (D:11)
  3 hobgoblin zombies (D:11)
  8 kobolds
  An orc skeleton (D:11)
  14 orc zombies (D:11)
  A quokka zombie (D:5)
  7 rats
432 creatures vanquished.

Vanquished Creatures (collateral kills)
  A phantasmal warrior (D:12)
  A gargoyle (D:12)
  2 howler monkeys (D:12)
4 creatures vanquished.

Vanquished Creatures (others)
  An ogre (D:9)
  A bullfrog (D:9)
  A hound (D:9)
  An iguana (D:9)
  2 kobolds (D:10)
  35 plants
41 creatures vanquished.

Grand Total: 477 creatures vanquished

Notes
Turn   | Place    | Note
-------+----------+-------------------------------------------
     0 | D:1      | Arthanis the Gargoyle Berserker began the quest for the
                  | Orb.
     0 | D:1      | Reached XP level 1. HP: 14/14 MP: 1/1
   312 | D:1      | Reached XP level 2. HP: 7/19 MP: 2/2
   741 | D:1      | Reached skill level 3 in Axes
   954 | D:2      | Found a white marble altar of Elyvilon.
  1071 | D:2      | Reached XP level 3. HP: 7/23 MP: 3/3
  1692 | D:2      | Reached skill level 1 in Shields
  1698 | D:2      | Reached XP level 4. HP: 22/29 MP: 4/4
  2408 | D:3      | Reached ** piety under Trog
  2408 | D:3      | Reached XP level 5. HP: 25/33 MP: 5/5
  2870 | D:4      | Noticed Sigmund
  2881 | D:4      | Killed Sigmund
  2881 | D:4      | Reached skill level 4 in Axes
  2881 | D:4      | Reached XP level 6. HP: 35/39 MP: 6/6
  3698 | D:4      | Reached XP level 7. HP: 44/44 MP: 7/7
  3767 | D:4      | Found Dyprego's Armour Boutique.
  3775 | D:4      | Bought a +0 chain mail for 63 gold pieces
  4068 | D:5      | Entered Level 5 of the Dungeon
  4083 | D:5      | Noticed Ijyb
  4089 | D:5      | Reached skill level 5 in Axes
  4100 | D:5      | Killed Ijyb
  4292 | D:5      | Reached skill level 5 in Fighting
  4437 | D:5      | Reached XP level 8. HP: 16/49 MP: 8/8
  4702 | D:5      | Found a staircase to the Ecumenical Temple.
  4937 | D:6      | Reached skill level 6 in Axes
  4937 | D:6      | Reached skill level 5 in Armour
  5121 | D:6      | Reached *** piety under Trog
  5121 | D:6      | Reached skill level 1 in Evocations
  5239 | D:6      | Reached skill level 7 in Axes
  5239 | D:6      | Reached XP level 9. HP: 56/56 MP: 9/9
  5473 | D:6      | Found a hazy altar of Hepliaklqana.
  5764 | D:6      | Found a stormy altar of Qazlal.
  5765 | D:6      | Found a bloodstained altar of Trog.
  6182 | D:7      | Reached skill level 8 in Axes
  6190 | D:7      | Found a transporter.
  6202 | D:7      | Found a transporter.
  6277 | D:7      | Noticed an ancient zyme
  6283 | D:7      | Noticed End1zNear's ghost (novice DDFi)
  6295 | D:7      | Found a one-way gate to the infinite horrors of the Abyss.
  6373 | D:7      | Found Deon's Magic Scroll Shoppe.
  6378 | D:7      | Bought a scroll of teleportation for 39 gold pieces
  6378 | D:7      | Bought a scroll of remove curse for 39 gold pieces
  6378 | D:7      | Bought a scroll of fear for 45 gold pieces
  6378 | D:7      | Bought a scroll of vulnerability for 97 gold pieces
  6581 | D:7      | Found a hide-covered altar of Uskayaw.
  6619 | D:7      | Reached **** piety under Trog
  7197 | D:8      | Found a burning altar of Makhleb.
  7199 | D:8      | Noticed a green death
  7248 | D:8      | Found a staircase to the Lair.
  7261 | D:8      | Reached skill level 9 in Axes
  7341 | D:8      | Reached XP level 10. HP: 64/64 MP: 10/10
  7387 | D:8      | Found a shimmering blue altar of Sif Muna.
  7423 | D:8      | Found a runed translucent door.
  7424 | D:8      | Noticed PanSaczeczos's ghost (novice OpVM)
  7504 | D:9      | Found a shimmering altar of Xom.
  7723 | D:9      | Noticed a two-headed ogre
  7749 | D:9      | Killed a two-headed ogre
  7749 | D:9      | Reached skill level 10 in Axes
  8075 | D:9      | Noticed a white ugly thing
  8090 | D:9      | Killed a white ugly thing
  8639 | D:10     | Entered Level 10 of the Dungeon
  8714 | D:10     | Found a flagged portal.
  8734 | Bailey   | Entered a bailey
  8972 | Bailey   | Reached ***** piety under Trog
  9217 | Bailey   | Reached skill level 11 in Axes
  9434 | Bailey   | Reached XP level 11. HP: 37/72 MP: 11/11
  9994 | D:10     | Found a white marble altar of Elyvilon.
 10009 | D:10     | Reached skill level 10 in Fighting
 10151 | D:10     | Noticed a deep troll
 10157 | D:10     | Noticed a deep troll
 10160 | D:10     | Received a gift from Trog
 10166 | D:10     | Noticed Josephine
 10167 | D:10     | Killed a deep troll
 10180 | D:10     | Killed a deep troll
 10180 | D:10     | Reached skill level 12 in Axes
 10186 | D:10     | Noticed a deep troll
 10242 | D:10     | Killed a deep troll
 10246 | D:10     | Killed Josephine
 10257 | D:10     | Reached XP level 12. HP: 80/80 MP: 12/12
 10616 | D:11     | Noticed a queen ant
 10650 | D:11     | Killed a queen ant
 10650 | D:11     | Reached skill level 13 in Axes
 11091 | D:11     | Found a flickering gateway to a bazaar.
 11124 | Bazaar   | Entered a bazaar
 11124 | Bazaar   | Found Hauluzo's Weapon Boutique.
 11124 | Bazaar   | Found Keqi's Antique Armour Boutique.
 11149 | Bazaar   | Found Rapsoim's Jewellery Shop.
 11198 | Bazaar   | Found Nubir's Weapon Boutique.
 11206 | Bazaar   | Bought the +3 broad axe "Gargoyle's Foe" {flame, +Rage
                  | rPois rN+ Dex+2} for 453 gold pieces
 11334 | D:11     | Found a staircase to the Orcish Mines.
 11338 | D:11     | Received a gift from Trog
 11409 | D:11     | Noticed Harold
 11418 | D:11     | Killed Harold
 11652 | D:11     | Noticed Psyche
 11655 | D:11     | Killed Psyche
 11811 | D:11     | Reached skill level 14 in Axes
 11931 | D:12     | Noticed a death knight
 11951 | D:12     | Killed a death knight
 12213 | D:12     | Reached XP level 13. HP: 71/87 MP: 13/13
 12234 | D:12     | Noticed a white very ugly thing
 12235 | D:12     | Found a runed translucent gate.
 12235 | D:12     | Found a runed translucent gate.
 12235 | D:12     | Found a runed translucent gate.
 12237 | D:12     | Noticed azazuza's ghost (journeyman DDFi)
 12237 | D:12     | Noticed a rakshasa
 12244 | D:12     | Killed a white very ugly thing
 12269 | D:11     | HP: 2/87 [rakshasa/lance of force (30)]
 12270 | D:11     | Killed a rakshasa
 12270 | D:11     | Reached skill level 5 in Evocations
 12647 | D:12     | Noticed a fire giant
 12791 | D:12     | Killed a fire giant
 12876 | D:12     | Found Pozuoppaosk's Jewellery Shop.
 12922 | D:12     | Bought a cursed ring of attention for 58 gold pieces
 12922 | D:12     | Bought a cursed ring of teleportation for 58 gold pieces
 12922 | D:12     | Bought a cursed amulet of inaccuracy for 26 gold pieces
 13016 | D:12     | Noticed a stone giant
 13017 | D:12     | Noticed a shadow dragon
 13017 | D:12     | a stone giant changed into a shadow dragon
 13019 | D:12     | Noticed a caustic shrike
 13019 | D:12     | a shadow dragon changed into a caustic shrike
 13020 | D:12     | Noticed an iron dragon
 13020 | D:12     | a caustic shrike changed into an iron dragon
 13021 | D:12     | Noticed a quicksilver dragon
 13021 | D:12     | an iron dragon changed into a quicksilver dragon
 13023 | D:12     | Noticed a shadow dragon
 13023 | D:12     | a quicksilver dragon changed into a shadow dragon
 13033 | D:12     | a shadow dragon changed into an alligator snapping turtle
 13046 | D:12     | Noticed a deep elf high priest
 13057 | D:12     | Killed a deep elf high priest
 13072 | D:12     | Got a pitted hand axe
 13073 | D:12     | Identified the +8 hand axe of Mourning {drain, *Drain
                  | +Blink Int+3 SInv} (You found it on level 12 of the
                  | Dungeon)
 14170 | D:14     | Noticed Agnes
 14188 | D:14     | Slain by Agnes

Illustrated notes

Levels and vault maps discovered:
D:1:      minmay_arrival_radiant_lines, layout_basic, minmay_misc_feat_doors
D:2:      layout_loops_corners, overflow_temple_1_default
D:3:      lemuel_upstairs_altar, layout_basic
D:4:      kennysheep_slugbush, layout_cave_pods, serial_shops, shop,
          uniq_sigmund
D:5:      layout_basic, minmay_temple_entry_overgrown, uniq_ijyb
D:6:      layout_loops_cross, kennysheep_mini_moat, minitemple, lightli_minifort
D:7:      layout_loops_ring, kennysheep_mini, serial_shops,
          nicolae_shop_crystal, gammafunk_ghost_abyssal_escape,
          chequers_serial_rivers_micro_c, water_maze_lemuel
D:8:      layout_cave_pools, lemuel_doored_altar, david_lair_generic,
          ebering_ghost_reflecting_pool, makhleb_altar_promises_db
D:9:      layout_basic, xom_confusion_cloud, serial_bayou, serial_bayou_shore_a,
          serial_bayou_shore_b, serial_bayou_crossing, serial_bayou_lagoon_b
D:10:     lemuel_troll_bridge, layout_gridville, enter_bailey_2,
          elyvilon_altar_4, uniq_josephine
D:11:     layout_loops_cross, zombieorc2_lemuel, serial_shops, bzr_entry_gold,
          minivault_29, uniq_psyche, uniq_harold
D:12:     minmay_glassy_protrusions, layout_cross, gammafunk_ghost_spectres,
          serial_shops, shop, nrook_guardian_serpent_double
D:13:     layout_gridville, kennysheep_generic_room_7
D:14:     layout_roguey [special_room_bee],
          hangedman_vaults_entry_quadrant_bands, chequers_mini_garden,
          uniq_agnes

Skill      XL: |  1  2  3  4  5  6  7  8  9 10 11 12 13 |
---------------+----------------------------------------+-----
Axes           | 3 4 5 7 9 11 12 14 | 14.8
Dodging        | 2 3 4 |  4.0
Shields        | 1 2 3 4 |  4.0
Armour         | 3 4 5 6 8 |  8.0
Fighting       | 4 5 6 8 9 11 12 13 | 13.0
Evocations     | 1 2 3 4 6 |  6.0

Action                   |  1- 3 |  4- 6 |  7- 9 | 10-12 | 13-15 || total
-------------------------+-------+-------+-------+-------+-------++-------
Melee: Hand axe          |   123 |   119 |    96 |   581 |       ||   919
       War axe           |       |    87 |   320 |    99 |       ||   506
       Broad axe         |       |       |       |   115 |   183 ||   298
Invok: Berserk           |     1 |     2 |     5 |    20 |     7 ||    35
       Trog's Hand       |       |       |     1 |     6 |     2 ||     9
       Brothers in Arms  |       |       |       |     1 |       ||     1
 Abil: Evoke Flight      |       |       |       |     4 |       ||     4
Evoke: Wand              |       |       |     1 |     9 |       ||    10
  Use: Scroll            |       |       |    10 |     3 |     3 ||    16
Armor: Animal skin       |    32 |    64 |       |       |       ||    96
       Chain mail        |       |       |    60 |       |       ||    60
       Plate armour      |       |       |   187 |   448 |    91 ||   726
Dodge: Dodged            |    76 |   127 |   237 |   521 |   116 ||  1077
Block: Buckler           |     7 |    37 |    76 |   172 |    29 ||   321

Table legend: (Time is in decaauts)
 A = Elapsed time spent in this place.
 B = Non-inter-level travel time spent in this place.
 C = Inter-level travel time spent in this place.
 D = Time resting spent in this place.
 E = Time spent auto-exploring this place.
 F = Levels seen in this place.
 G = Mean time per level.
                   A        B        C        D        E       F      G
               +--------+--------+--------+--------+--------+-----+--------+
         Total |  14490 |  14108 |    382 |   1095 |   9228 |  16 |  905.6 |
       Dungeon |  13103 |  12721 |    382 |    601 |   9000 |  14 |  935.9 |
        Bazaar |     98 |     98 |      0 |      0 |     79 |   1 |   98.0 |
        Bailey |   1287 |   1287 |      0 |    494 |    149 |   1 | 1287.0 |
               +--------+--------+--------+--------+--------+-----+--------+

Top non-repeatable levels by time:
    D:11: 1760 daAuts
  Bailey: 1287 daAuts
     D:4: 1268 daAuts
     D:2: 1265 daAuts
     D:9: 1196 daAuts
     D:6: 1107 daAuts
     D:1: 958 daAuts
     D:7: 934 daAuts
     D:5: 892 daAuts
    D:13: 857 daAuts
    D:12: 793 daAuts
    D:10: 773 daAuts
     D:3: 691 daAuts
     D:8: 585 daAuts
  Bazaar: 98 daAuts
